 Dungeon Crawl Stone Soup version 0.30-a0-34-gbe8da3892a (webtiles) character file.

Game seed: 7243117139357840623

109 flotson the Sneak (level 4, -16/35 HPs)
             Began as a Demonspawn Delver on Aug 27, 2022.
             Was an Initiate of Gozag.
             Demolished by an ogre
             ... wielding a +0 giant club
              (28 damage)
             ... on level 3 of the Dungeon.
             The game lasted 00:04:41 (4180 turns).

flotson the Sneak (Demonspawn Delver)               Turns: 4180, Time: 00:04:41

Health: -16/35     AC:  7    Str: 14    XL:     4   Next: 60%
Magic:  4/4        EV: 10    Int: 16    God:    Gozag
Gold:   27         SH:  0    Dex: 14    Spells: 3/3 levels left

rFire   . . .      SeeInvis .    a - +0 hand axe
rCold   . . .      Faith    .    (no shield)
rNeg    . . .      Spirit   .    j - +0 scale mail
rPois   .          Reflect  .    (no helmet)
rElec   .          Harm     .    k - +0 cloak
rCorr   .          Rampage  .    (no gloves)
Will    .....                    (no boots)
Stlth   +.........               e - amulet of regeneration
HPRegen 0.91/turn                (no ring)
MPRegen 0.09/turn                (no ring)

@: no status effects
A: foul stench 1, big brain 2
a: Renounce Religion, Potion Petition, Call Merchant, Bribe Branch


You were on level 3 of the Dungeon.
You worshipped Gozag.
Gozag was noncommittal.
You visited 1 branch of the dungeon, and saw 5 of its levels.

You collected 85 gold pieces.
You paid 58 gold pieces to Gozag.

Inventory:

Hand Weapons
 a - a +0 hand axe (weapon)
Missiles
 i - 9 poisoned darts (quivered)
Armour
 j - a +0 scale mail (worn)
 k - a +0 cloak (worn)
Jewellery
 e - an amulet of regeneration (around neck)
Wands
 g - a wand of digging (3)
Scrolls
 c - a scroll of fog
 d - a scroll of magic mapping
 f - a scroll of blinking {unknown}
 l - a scroll of teleportation {unknown}
 n - a scroll of identify {unknown}
Potions
 b - a potion of flight {unknown}
 h - 2 potions of curing {unknown}
 m - a potion of brilliance {unknown}
 o - a potion of ambrosia {unknown}


   Skills:
 + Level 3.4 Fighting
 + Level 2.3 Axes
 + Level 1.3 Throwing
 + Level 1.3 Armour
 + Level 2.4 Dodging
 - Level 4.5 Stealth
 + Level 1.4 Evocations


You had 3 spell levels left.
You didn't know any spells.
Your spell library was empty.

Dungeon Overview and Level Annotations

Branches:
Dungeon (5/15)
 Temple: D:4-7

Altars:
Dithmenos
Gozag
Okawaru
Sif Muna

Shops:
D:3 (


Innate Abilities, Weirdness & Mutations

You may rarely emit foul miasma when damaged in melee.
You have an extremely huge brain. (Int +4)


Message History

There is a stone staircase leading down here.
You climb downwards.
There is a stone staircase leading up here.
You open the door.
Found an opulent altar of Gozag.
A bat comes into view.
Found three altars.
The bat closely misses you. The bat hits you but does no damage.
The bat closely misses you. x2
You closely miss the bat. The bat hits you but does no damage.
The bat closely misses you.
Found 8 gold pieces.
The bat closely misses you.
You hit the bat but do no damage. The bat hits you but does no damage.
You closely miss the bat. The bat closely misses you.
The bat hits you but does no damage.
The ogre shouts!
The bat hits you but does no damage.
You hit the bat.
You kill the bat!
A bat comes into view.
The ogre closely misses you.
You hit the ogre but do no damage. You barely miss the ogre.
You punch the ogre.
The ogre is lightly wounded.
The bat closely misses you. The ogre hits you with a +0 giant club!
The bat barely misses you. The ogre attacks as you move away!
The ogre hits you with a +0 giant club! The bat closely misses you.
The bat hits you but does no damage.
There is an opulent altar of Gozag here.
You kneel at the altar of Gozag.
Gozag welcomes you!
You pay a service fee of 58 gold.
The bat hits you. The ogre attacks as you move away!
The ogre hits you with a +0 giant club!!
Ouch! That really hurt!
You die...
Your body crumbles into a pile of gold.

.....#.# #.....####..
.....#.# #.........).
######.# #$.....#
.......# ##......#
########## #.......####
.........# #...._......
.........# #...........
#.######## #.O.b.......
#........# #.@..⌠.._...
########.# #...........
#.#######.......###
########..........._...#
............÷...##......+
#########.......#########
#....'.......'....#
#.####.......####.# #.#
#............#


You could see an ogre and a bat.

Vanquished Creatures
  4 adders (D:2)
  2 dart slugs (D:1)
  2 ball pythons (D:1)
  5 bats
  4 endoplasms
  A giant cockroach (D:1)
  6 goblins
  5 hobgoblins
  18 jackals
  2 kobolds
  3 quokkas
  5 frilled lizards
  3 rats (D:1)
60 creatures vanquished.

Vanquished Creatures (others)
  A fungus (D:4)
1 creature vanquished.

Grand Total: 61 creatures vanquished

Notes
Turn   | Place    | Note
-------+----------+-------------------------------------------
     0 | D:5      | flotson the Demonspawn Delver began the quest for the Orb.
     0 | D:5      | Reached XP level 1. HP: 18/18 MP: 1/1
    30 | D:5      | Noticed an iguana
    31 | D:5      | Noticed a hound
    49 | D:4      | Noticed an iguana
    51 | D:4      | Noticed a hound
    66 | D:3      | Found Ijympa Pie's Antique Weapon Emporium.
   400 | D:3      | Noticed an iguana
   791 | D:2      | You fall into a shaft and drop 1 floor!
   872 | D:1      | Gained mutation: You may rarely emit foul miasma when
                  | damaged in melee. [demonic ancestry]
   872 | D:1      | Reached XP level 2. HP: 21/24 MP: 2/2
  1553 | D:1      | Gained mutation: You have an unusually large brain. (Int
                  | +2) [demonic ancestry]
  1553 | D:1      | Reached XP level 3. HP: 29/29 MP: 3/3
  1701 | D:1      | Found a faded altar of an unknown god.
  2220 | D:1      | Reached skill level 1 in Evocations
  2276 | D:1      | Reached skill level 1 in Armour
  2824 | D:2      | Reached skill level 1 in Throwing
  3101 | D:2      | Gained mutation: You have an extremely huge brain. (Int +4)
                  | [demonic ancestry]
  3101 | D:2      | Reached XP level 4. HP: 31/35 MP: 4/4
  4079 | D:3      | Noticed an ogre
  4158 | D:3      | Found an opulent altar of Gozag.
  4161 | D:3      | Found an iron altar of Okawaru.
  4161 | D:3      | Found a shimmering blue altar of Sif Muna.
  4161 | D:3      | Found a shadowy altar of Dithmenos.
  4179 | D:3      | Became a worshipper of Gozag Ym Sagoz the Greedy
  4180 | D:3      | Demolished by an ogre

Illustrated notes

Levels and vault maps discovered:
D:1:      dpeg_arrival_water_fire, layout_basic,
          hellmonk_ecumenical_altar_zigzags, lemuel_another_geyser
D:2:      wad_crossroads, layout_basic, chequers_serial_rivers_large_b,
          minmay_fractal_squares_5
D:3:      layout_basic, grunt_temple_overflow_open, serial_shops,
          nicolae_shop_crystal, nicolae_shop_hallway_plus, shop,
          kennysheep_generic_room_7
D:4:      layout_cave_pools, minmay_temple_entry_junction_2, minivault_5,
          corexii_leaking_fountain, corner_web_ring, dreamdust_mushroom_princess
D:5:      layout_cave_pods, gammafunk_ghost_split, doesnt_shop_hydraphobe,
          uniq_menkaure

Skill      XL: |  1  2  3 |
---------------+----------+-----
Axes           | 2 |  2.3
Dodging        | 2 |  2.4
Evocations     | 1 |  1.4
Armour         | 1 |  1.3
Throwing       | 1 |  1.3
Fighting       | |  3.4
Stealth        | |  4.5

Action                   |  1- 3 |  4- 6 || total
-------------------------+-------+-------++-------
Melee: Hand axe          |   175 |    89 ||   264
       Punch             |     1 |     1 ||     2
Throw: Dart              |     9 |       ||     9
  Use: Scroll            |     1 |       ||     1
       Potion            |     1 |       ||     1
 Stab: Sleeping          |     3 |       ||     3
       Distracted        |       |     1 ||     1
Armor: Leather armour    |    11 |       ||    11
       Chain mail        |   116 |    35 ||   151
       Scale mail        |       |    39 ||    39
Dodge: Dodged            |    69 |    62 ||   131

Table legend: (Time is in decaauts)
 A = Elapsed time spent in this place.
 B = Non-inter-level travel time spent in this place.
 C = Inter-level travel time spent in this place.
 D = Time resting spent in this place.
 E = Time spent auto-exploring this place.
 F = Levels seen in this place.
 G = Mean time per level.
                   A        B        C        D        E       F      G
               +--------+--------+--------+--------+--------+-----+--------+
         Total |   4247 |   4130 |    117 |      0 |   3417 |   5 |  849.4 |
       Dungeon |   4247 |   4130 |    117 |      0 |   3417 |   5 |  849.4 |
               +--------+--------+--------+--------+--------+-----+--------+

Top non-repeatable levels by time:
     D:1: 1965 daAuts
     D:2: 1397 daAuts
     D:3: 818 daAuts
     D:5: 34 daAuts
     D:4: 32 daAuts
